 Dungeon Crawl Stone Soup version 0.28.0 (webtiles) character file.

Game seed: 10228420928056126896

198 hikkokomori the Sneak (level 5, -5/28 HPs)
             Began as a Gargoyle Fire Elementalist on Feb 17, 2022.
             Slain by Sigmund (8 damage)
             ... on level 4 of the Dungeon.
             The game lasted 00:11:47 (5353 turns).

hikkokomori the Sneak (Gargoyle Fire Elementalist)  Turns: 5353, Time: 00:11:47

Health: -5/28      AC:  9    Str: 11    XL:     5   Next: 77%
Magic:  17/17      EV: 11    Int: 18    God:
Gold:   179        SH:  0    Dex: 10    Spells: 5/8 levels left

rFire   + . .      SeeInvis .   f - +3 hunting sling (flame)
rCold   . . .      Faith    .   (no shield)
rNeg    + . .      Spirit   .   p - +1 robe {rF+}
rPois   ∞          Reflect  .   h - +0 helmet
rElec   +          Harm     .   w - +0 cloak
rCorr   .          Rampage  .   (no gloves)
Will    .....                   (no boots)
Stlth   +.........              (no amulet)
HPRegen 0.09/turn               n - ring of magical power
MPRegen 0.15/turn               (no ring)

@: confused, attractive
A: sickness immunity, AC +4, negative energy resistance 1, electricity
resistance, torment resistance 1, petrification resistance
a: no special abilities


You were on level 4 of the Dungeon.
You visited 1 branch of the dungeon, and saw 4 of its levels.

You collected 179 gold pieces.

Inventory:

Hand Weapons
 c - a +0 spear
 e - a +0 war axe
 f - a +3 hunting sling of flaming (weapon)
 j - a +2 dagger of protection
 v - a +0 trident
Missiles
 q - 6 poisoned darts
 x - 52 stones (quivered ammo)
Armour
 a - a +0 robe
 h - a +0 helmet (worn)
 p - a +1 robe of fire resistance (worn)
 w - a +0 cloak (worn)
Jewellery
 n - a ring of magical power (left hand)
Wands
 z - a wand of polymorph (10)
Scrolls
 d - a scroll of fear {unknown}
 g - a scroll of immolation {unknown}
 l - 2 scrolls of teleportation
 s - a scroll of torment {unknown}
 t - a scroll of amnesia {unknown}
 u - a scroll of identify
 y - a scroll of noise {unknown}
Potions
 b - a potion of might {unknown}
 i - a potion of flight
 k - a potion of ambrosia
 m - a potion of brilliance
 o - a potion of invisibility


   Skills:
 + Level 0.1 Slings
 - Level 1.5 Dodging
 + Level 5.0 Stealth
 - Level 2.0 Spellcasting
 - Level 1.1 Conjurations
 + Level 4.8 Fire Magic


You had 5 spell levels left.
You knew the following spells:

 Your Spells              Type           Power      Damage    Failure   Level
a - Foxfire               Conj/Fire      48%        2x1d6     5%          1
b - Scorch                Fire           38%        2d6       3%          2

Your spell library contained the following spells:

 Spells                   Type           Power      Damage    Failure   Level
 Conjure Flame            Conj/Fire      12%        6-21      16%         3
 Inner Flame              Hex/Fire       10%        N/A       21%         3
 Flame Wave               Conj/Fire      12%        2d6       45%         4


Dungeon Overview and Level Annotations

Branches:
Dungeon (4/15)
 Temple: D:4-7

Altars:

Annotations:
D:4 Sigmund


Innate Abilities, Weirdness & Mutations

You are immune to sickness and miasma.
Your stone body is resilient. (AC +4)
You are immune to poison.
You resist negative energy. (rN+)
You are resistant to electric shocks. (rElec)
You are resistant to unholy torment.
You are immune to petrification.


Message History

Sigmund flickers and vanishes!
Deactivating autopickup; reactivate with Ctrl-A.
No target in view!
Casting: Foxfire (safe; 5% risk of failure)
Press: ? - help, Q - select action, (/) - cycle Dir - look around, f - activate
Okay, then.
Casting: Foxfire (safe; 5% risk of failure)
Press: ? - help, Q - select action, (/) - cycle Dir - look around, f - activate
Okay, then.
Fire: 55 stones
Press: ? - help, Shift-Dir - straight line You shoot a stone.
Fire: 54 stones
Press: ? - help, Shift-Dir - straight line You shoot a stone.
A magic dart appears from out of thin air!
The magic dart hits you.
Fire: 53 stones
Press: ? - help, Shift-Dir - straight line You shoot a stone.
You hear some strange, mumbled words.
You are confused.
Unknown command.
You bump into the rock wall.
You hear some strange, mumbled words.
You are more confused.
You bump into the rock wall.
Something hits you!
You're too confused to cast spells.
You bump into the rock wall.
You barely miss something. Something hits you.
You bump into the rock wall.
Something hits you.
You're too confused to move!
Something hits you but does no damage.
You bump into the rock wall.
You bump into the rock wall.
Something hits you!
* * * LOW HITPOINT WARNING * * *
It was a potion of attraction.
You feel attractive to monsters. Something hits you!
You die...

########
.......########
######........####
#...........# #
#.######.##@# #
#.# #.##{# ## #.#
#.##.# .# #.#
#[##.# .### #.#
#.##(# ...###.#
#.##?# .......#
#.##(# .).#####
#..#.# .##########
##.#(# ### #


There were no monsters in sight!

Vanquished Creatures
  A hound (D:2)
  A jelly (D:4)
  An orc wizard (D:3)
  Robin (D:2)
  A worm (D:2)
  3 dart slugs
  9 orcs
  5 ball pythons
  6 bats
  7 endoplasms
  5 giant cockroaches
  9 goblins
  10 hobgoblins
  3 quokkas
  4 frilled lizards
  4 kobolds
  7 rats
77 creatures vanquished.

Vanquished Creatures (others)
  30 foxfires
30 creatures vanquished.

Grand Total: 107 creatures vanquished

Notes
Turn   | Place    | Note
-------+----------+-------------------------------------------
     0 | D:1      | hikkokomori the Gargoyle Fire Elementalist began the quest
                  | for the Orb.
     0 | D:1      | Reached XP level 1. HP: 10/10 MP: 3/3
   273 | D:1      | Reached XP level 2. HP: 7/15 MP: 3/5
   706 | D:1      | Reached skill level 3 in Stealth
   976 | D:1      | Learned a level 2 spell: Scorch
  1257 | D:1      | Reached XP level 3. HP: 11/19 MP: 6/6
  2131 | D:2      | Noticed Robin
  2163 | D:2      | Killed Robin
  2164 | D:2      | Reached XP level 4. HP: 11/24 MP: 0/7
  3194 | D:2      | Reached skill level 4 in Stealth
  3597 | D:3      | Found a faded altar of an unknown god.
  3779 | D:3      | Reached XP level 5. HP: 22/28 MP: 4/8
  4593 | D:4      | Reached skill level 5 in Stealth
  5329 | D:4      | Noticed Sigmund
  5353 | D:4      | Slain by Sigmund

Illustrated notes

Levels and vault maps discovered:
D:1:      dpeg_arrival_ternary, layout_loops_corners, kennysheep_small_spiral,
          chequers_serial_rivers_micro_d, st_stairs_9
D:2:      minmay_evil_eye, layout_basic, kennysheep_cluttered_room, uniq_robin
D:3:      layout_basic, chequers_ecumenical_altar_simple_redux,
          minmay_misc_feat_five
D:4:      layout_loops_ring, uniq_sigmund

Skill      XL: |  1  2  3  4  5 |
---------------+----------------+-----
Stealth        | 3 4 5 |  5.0
Fire Magic     | 4 |  4.8
Slings         | |  0.1
Dodging        | |  1.5
Spellcasting   | |  2.0
Conjurations   | |  1.1

Action                   |  1- 3 |  4- 6 || total
-------------------------+-------+-------++-------
Melee: Spear             |    91 |    89 ||   180
       Unarmed           |     1 |       ||     1
       Hunting sling     |       |     1 ||     1
 Fire: Hunting sling     |       |    11 ||    11
 Cast: Foxfire           |    20 |       ||    20
       Scorch            |     7 |    29 ||    36
  Use: Scroll            |       |     5 ||     5
       Potion            |       |     1 ||     1
 Stab: Sleeping          |     8 |     3 ||    11
       Distracted        |       |     1 ||     1
Armor: Robe              |    28 |    30 ||    58
Dodge: Dodged            |    46 |    45 ||    91
